cohdb
Replays
Latest Replays
All Replays
Popular Replays
Top Player Replays
Match Explorer
How It Works
Community
CoH3 Stats
Reddit
Sign in to upload your games and track your stats! →
Sign in with Steam
Match 42447074
Unlisted
Match 42447074
Overview
Messages
Build Orders
End
Construct Infanterie Kompanie
Selects Breakthrough Battlegroup
Selects Breakthrough Battlegroup
MG 42 Machine Gun Team
Grenadier Squad
Grenadier Squad
Grenadier Squad
Infanterie Officer Quarters
Selects Assault Grenadiers
Grenadier Squad
Construct Panzergrenadier Kompanie
Selects Breakthrough
Pak 40 Anti-tank Gun Team
Panzergrenadier Squad
Selects Incendiary Bombing Run
Panzergrenadier Officer Quarters
Selects Rapid Production
Support Elements
StuG III G Assault Gun
Side Skirts
Selects Blitzkrieg
Pak 40 Anti-tank Gun Team
Medical Station
Construct Panzer Kompanie
Selects Tiger Heavy Tank
Tiger Heavy Tank
Pioneer Squad
sniper
YourMom'sPiesSoHotRightNow
RunningWithFate
Onoyk
0
0
Comments
sign in to comment!
No comments posted yet!